 Dungeon Crawl Stone Soup version 0.22-a0-348-gd16d139 (webtiles) character file.

9467 iamserjio the Nimble (level 11, -3/72 HPs)
             Began as an Octopode Monk on Apr 10, 2018.
             Was an Elder of Yredelemnul.
             Slain by a wraith (14 damage)
             ... led by Josephine
             ... on level 1 of the Orcish Mines.
             The game lasted 01:12:10 (17260 turns).

iamserjio the Nimble (Octopode Monk)               Turns: 17260, Time: 01:12:10

Health: -3/72      AC:  1    Str: 10    XL:     11   Next: 46%
Magic:  16/16      EV: 22    Int: 14    God:    Yredelemnul [****..]
Gold:   737        SH:  7    Dex: 19    Spells: 10/10 levels left

rFire    . . .     SeeInvis .   J - +2 falchion (slice)
rCold    . . .     Gourm    .   y - +2 buckler
rNeg     . . .     Faith    +   (helmet restricted)
rPois    .         Spirit   .   w - amulet of faith
rElec    .         Reflect  .   G - +2 ring of intelligence
rCorr    .         Harm     .   (no ring)
MR       .....                  (no ring)
Stlth    ++++......             (no ring)
HPRegen  0.22/turn              (no ring)
MPRegen  0.15/turn              (no ring)
                                (no ring)
                                (no ring)

@: slowed, drained, very slow
A: almost no armour, stealthy swim, amphibious, 8 rings, constrict 8, camouflage
1, gelatinous body 1
a: Recall Undead Slaves, Injury Mirror, Animate Dead, Drain Life, Renounce
Religion


You were on level 1 of the Orcish Mines.
You worshipped Yredelemnul.
Yredelemnul was greatly pleased with you.
You were not hungry.

You visited 4 branches of the dungeon, and saw 15 of its levels.

You collected 737 gold pieces.

Inventory:

Hand Weapons
 g - a +1 great sword
 C - the +0 mace of Variability {chaos}
   (You found it on level 10 of the Dungeon)

   Each time it hits an enemy it has a different, random effect.
 E - a cursed -3 short sword
 H - a +4 dagger of freezing
 J - a +2 falchion of slicing (weapon)
 L - a +3 short sword of electrocution
Missiles
 A - 179 stones (quivered)
Armour
 y - a +2 buckler (worn)
Jewellery
 w - an amulet of faith (around mantle)
 G - a +2 ring of intelligence (left tentacle)
Wands
 e - a wand of polymorph (16)
 h - a wand of flame (2)
 s - a wand of enslavement (14)
 F - a wand of paralysis (5)
 K - a wand of random effects (26)
 M - a wand of scattershot (6)
Scrolls
 a - a scroll of acquirement {unknown}
 i - a scroll of blinking {unknown}
 k - 2 scrolls of enchant weapon
 l - 2 scrolls of remove curse
 m - a scroll of fog {unknown}
 n - 3 scrolls of fear {unknown}
 p - 4 scrolls of amnesia
 q - 3 scrolls of teleportation
 v - a scroll of immolation {unknown}
 D - a scroll of noise {unknown}
 I - a scroll of magic mapping {unknown}
Potions
 c - a potion of brilliance {unknown}
 f - a potion of degeneration {unknown}
 o - 2 potions of resistance {unknown}
 r - a potion of lignification {unknown}
 t - a potion of flight {unknown}
 u - 2 potions of agility
 x - a potion of berserk rage {unknown}
 z - 2 potions of cancellation
 B - 2 potions of might
Comestibles
 b - 13 rations
 d - 7 chunks of flesh


   Skills:
 + Level 5.5(4.4) Fighting
 * Level 9.4(8.1) Long Blades
 * Level 12.0(10.6) Dodging
 - Level 5.0(3.8) Stealth
 - Level 4.0(2.9) Shields
 + Level 7.4(6.2) Invocations


You had 10 spell levels left.
You didn't know any spells.

Dungeon Overview and Level Annotations

Branches:
Dungeon (11/15)            Temple (1/1) D:6            Lair (1/6) D:8
    Orc (2/2) D:10
    Elf: Orc:2

Altars:
Ashenzari
Cheibriados
Dithmenos
Elyvilon
Fedhas
Gozag
Hepliaklqana
Kikubaaqudgha
Makhleb
Nemelex Xobeh
Okawaru
Qazlal
Ru
Sif Muna
Trog
Uskayaw
Vehumet
Wu Jian
Xom
Yredelemnul
Zin
The Shining One

Shops:
Orc:1 (

Annotations:
D:6 CasualChangeling's ghost, novice TeBe
Orc:1 Josephine


Innate Abilities, Weirdness & Mutations

You cannot wear most types of armour.
You are very stealthy in the water. (Stealth+)
You are amphibious.
You can wear up to eight rings at the same time.
You can use your tentacles to constrict eight enemies at once.
Your skin changes colour to match your surroundings (Stealth+).
Your rubbery body absorbs attacks. (AC +1, EV +1)


Message History

* * * LOW HITPOINT WARNING * * *
The ghostly fireball engulfs the wraith.
The wraith completely resists.
The ghostly fireball engulfs the wraith.
The wraith completely resists.
Something hits Josephine!
Your orc warrior zombie barely misses the wraith.
You block the wraith's attack.
You hear a shout!
An orc sorcerer comes into view. It is wielding a dagger.
Okay, then.
Okay, then.
Okay, then.
Your orc zombie completely misses Josephine.
Something hits Josephine!
Something drains Josephine's vigour!
Josephine seems to slow down.
Your orc zombie hits Josephine from afar with a trident.
Something hits the wraith but does no damage.
The wraith hits you!
You die...
Your body rises from the dead as a mindless zombie.

#.........#...
#........>.... ############
#.............
#...#.#.##.###.o...........
#....#......#..@WW.[.......
##....#........W#.Z)[......
###.#.(.......#...).......
##..#.<).W...............
#....#..@W..Z............
##.....(....#..........##
##....(.....>....#......
##.##.....(..............
#......................#.
##.#...#................#
####.###..............#.
###...............#..
##....................


You could see Josephine, 4 wraiths, an orc sorcerer, a friendly wraith and a
friendly orc warrior zombie.

Vanquished Creatures
  A two-headed ogre (D:9)
  Pikel (D:7)
  3 trolls (D:10)
  3 hippogriffs
  4 hogs (D:7)
  A human (D:7)
  2 chaos spawn (D:10)
  Menkaure (D:5)
  A warg (Orc:2)
  A porcupine (Lair:1)
  2 slaves (D:7)
  A black bear (D:9)
  2 phantoms (D:6)
  2 sky beasts
  6 orc warriors
  4 ogres
  4 centaurs
  3 big kobolds
  3 bullfrogs
  A gnoll sergeant (D:7)
  3 scorpions
  A water moccasin skeleton (D:9)
  Dowan (D:5)
  A killer bee (D:8)
  10 wights
  5 crimson imps
  A centaur zombie (D:5)
  4 hounds
  6 jellies
  Crazy Yiuf (D:2)
  A quasit (D:7)
  A gnoll shaman (D:8)
  2 centaur skeletons
  3 worker ants
  3 orc wizards
  A hound skeleton (D:9)
  A howler monkey zombie (D:10)
  2 worker ant zombies
  12 gnolls
  5 adders
  6 shadow imps
  An ooze (D:4)
  2 adder skeletons
  2 adder zombies
  4 worms (D:2)
  3 dart slugs
  2 leopard geckos
  36 orcs
  8 bats
  2 giant cockroaches
  5 goblins
  16 hobgoblins
  9 iguanas
  15 jackals
  A ball python (D:2)
  7 frilled lizards
  20 kobolds
  A leopard gecko skeleton (D:5)
  An orc skeleton (D:10)
  A quokka skeleton (D:9)
  3 rats (D:1)
255 creatures vanquished.

Vanquished Creatures (collateral kills)
  2 two-headed ogres (D:9)
  Maurice (D:8)
  A troll (D:10)
  A hippogriff (D:9)
  A chaos spawn (D:9)
  2 slaves (D:7)
  A sky beast (D:9)
  A necrophage (D:10)
  A centaur (D:10)
  A gnoll sergeant (D:8)
  A bullfrog (D:10)
  A wight (D:10)
  A quasit (D:9)
  2 orc priests
  An orc wizard (Orc:1)
  3 gnolls (D:8)
  An adder zombie (D:8)
  15 orcs
  A jackal (D:8)
38 creatures vanquished.

Vanquished Creatures (others)
  A hippogriff zombie (D:10)
  A wight (D:10)
  A bullfrog zombie (D:10)
  2 big kobold zombies
  2 centaur zombies
  A bullfrog skeleton (D:7)
  2 mummies (D:10)
  An iguana zombie (D:9)
  An adder zombie (D:8)
  2 gnoll zombies
  A jackal zombie (D:8)
  9 kobold zombies
  9 orc zombies
33 creatures vanquished.

Grand Total: 326 creatures vanquished

Notes
Turn   | Place    | Note
-------+----------+-------------------------------------------
     0 | D:1      | iamserjio the Octopode Monk began the quest for the Orb.
     0 | D:1      | Reached XP level 1. HP: 16/16 MP: 1/1
   116 | D:1      | Reached XP level 2. HP: 14/21 MP: 2/2
   848 | D:1      | Reached XP level 3. HP: 26/26 MP: 3/3
  1232 | D:2      | Noticed a phantom
  1498 | D:2      | Noticed an ogre
  1753 | D:2      | Killed an ogre
  1753 | D:2      | Reached skill level 4 in Dodging
  1753 | D:2      | Reached XP level 4. HP: 28/33 MP: 4/4
  1753 | D:2      | Reached XP level 5. HP: 32/37 MP: 5/5
  1797 | D:2      | Found a faded altar of an unknown god.
  1964 | D:2      | Found a shattered altar of Ashenzari.
  2043 | D:2      | Found a runed door.
  2047 | D:2      | Noticed Crazy Yiuf
  2053 | D:2      | Killed Crazy Yiuf
  2262 | D:3      | Found a shimmering altar of Xom.
  2444 | D:3      | Reached XP level 6. HP: 29/43 MP: 6/6
  3017 | D:3      | Reached skill level 5 in Stealth
  3681 | D:4      | Reached skill level 5 in Dodging
  3690 | D:4      | Found a glowing silver altar of Zin.
  3741 | D:4      | Reached XP level 7. HP: 27/49 MP: 7/7
  4077 | D:4      | Found a sacrificial altar of Ru.
  4611 | D:4      | Found a shadowy altar of Dithmenos.
  4612 | D:4      | Found an iron altar of Okawaru.
  4612 | D:4      | Found a sparkling altar of Nemelex Xobeh.
  4613 | D:4      | Found a glowing golden altar of the Shining One.
  4720 | D:5      | Entered Level 5 of the Dungeon
  5130 | D:5      | Noticed Menkaure
  5137 | D:5      | Killed Menkaure
  5137 | D:5      | Reached skill level 6 in Dodging
  5330 | D:5      | Found a shattered altar of Ashenzari.
  5370 | D:5      | Noticed Dowan
  5379 | D:5      | Reached skill level 5 in Fighting
  5627 | D:5      | Reached skill level 5 in Long Blades
  5733 | D:5      | Killed Dowan
  5733 | D:5      | Reached XP level 8. HP: 52/55 MP: 8/8
  6204 | D:6      | Found a staircase to the Ecumenical Temple.
  6228 | Temple   | Entered the Ecumenical Temple
  6259 | Temple   | Became a worshipper of Yredelemnul the Dark
  6259 | Temple   | Reached * piety under Yredelemnul
  6259 | Temple   | Reached ** piety under Yredelemnul
  6309 | D:6      | Reached skill level 7 in Dodging
  6545 | D:6      | Noticed CasualChangeling's ghost (novice TeBe)
  7067 | D:6      | Reached skill level 1 in Invocations
  8561 | D:7      | Reached skill level 8 in Dodging
  8742 | D:7      | Reached XP level 9. HP: 35/61 MP: 7/10
  8903 | D:7      | Found a radiant altar of Vehumet.
  8903 | D:7      | Found an ornate altar of the Wu Jian Council.
  9044 | D:7      | Noticed Pikel
  9054 | D:7      | Killed Pikel
  9288 | D:7      | Reached skill level 9 in Dodging
  9299 | D:7      | Your ally Pikel died
 10002 | D:8      | HP: 1/61 [hippogriff (6)]
 10835 | D:8      | Reached skill level 10 in Dodging
 10835 | D:8      | Reached XP level 10. HP: 56/66 MP: 13/13
 10905 | D:8      | Reached skill level 5 in Invocations
 11029 | D:8      | Found a staircase to the Lair.
 11237 | Lair:1   | Entered Level 1 of the Lair of Beasts
 11557 | D:8      | Reached skill level 1 in Shields
 11799 | D:8      | Noticed Maurice
 11812 | D:8      | Killed Maurice
 12134 | D:9      | Reached *** piety under Yredelemnul
 12657 | D:9      | Noticed a two-headed ogre
 12677 | D:9      | Killed a two-headed ogre
 13092 | D:9      | Reached skill level 11 in Dodging
 13739 | D:10     | Entered Level 10 of the Dungeon
 13740 | D:10     | Noticed a two-headed ogre
 13754 | D:9      | Killed a two-headed ogre
 14033 | D:10     | Found a white marble altar of Elyvilon.
 14207 | D:10     | Reached XP level 11. HP: 57/71 MP: 15/15
 14207 | D:10     | Received a gift from Yredelemnul (a wight)
 14290 | D:10     | Found a shimmering altar of Xom.
 14291 | D:10     | Found the +0 mace of Variability {chaos}
 14772 | D:10     | Reached **** piety under Yredelemnul
 14938 | D:10     | Received a gift from Yredelemnul (a mummy)
 15170 | D:10     | Noticed a two-headed ogre
 15443 | D:9      | Killed a two-headed ogre
 16353 | D:10     | Received a gift from Yredelemnul (a mummy)
 16607 | D:10     | Found a staircase to the Orcish Mines.
 16616 | Orc:1    | Entered Level 1 of the Orcish Mines
 17101 | Orc:1    | Received a gift from Yredelemnul (a wraith)
 17158 | Orc:1    | Found Jinit's Weapon Shoppe.
 17229 | Orc:2    | Entered Level 2 of the Orcish Mines
 17233 | Orc:2    | Reached skill level 12 in Dodging
 17252 | Orc:1    | Noticed Josephine
 17259 | Orc:1    | Noticed an orc sorcerer
 17260 | Orc:1    | Slain by a wraith

Vault maps used:
D:1:      sevenhm_arrival_forest_fort_small_5, grunt_decor_mini_mirrors,
          serial_park_tiny_pond
D:2:      lemuel_doored_altar, chequers_ecumenical_altar_simple_redux,
          uniq_crazy_yiuf_cottage
D:3:      first_ration, roderic_roman_lattice, hex_large, dk_xom_monty_hall
D:4:      nicolae_overflow_crystal_walls,
          chequers_temple_overflow_statue_of_worship, zin_academy
D:5:      cheibrodos_ashenzari_chains, uniq_duvessa, uniq_menkaure
D:6:      minmay_temple_entry_statues_fountains, portal_sewer_entry_d,
          solitary_fountain
D:7:      gammafunk_temple_overflow_elements, grunt_livestock, uniq_pikel
D:8:      lair_entry_dummy, st_stairs_10, uniq_maurice
D:10:     hiddenorc1_lemuel, basic_altar, minmay_guarded_unrand_variability
D:11:     enter_trove_5
Temple:   nicolae_temple_hex_pool
Lair:1:   lightli_volcano_entry_magma_tube
Orc:1:    serial_shops, shop_statue, minmay_orc_barracks, uniq_josephine
Orc:2:    grunt_orc_community_town_hall, grunt_orc_community_big_house_1,
          grunt_orc_community_big_house_1, grunt_orc_community_house_3,
          grunt_orc_community_house_3, grunt_orc_community_house_2,
          grunt_orc_community_house_1, basic_altar, mumra_transporter_accident,
          mines5_lemuel

Skill      XL: |  1  2  3  4  5  6  7  8  9 10 11 |
---------------+----------------------------------+-----
Stealth        | 3 4 5 |  5.0
Dodging        | 4 5 6 8 10 11 12 | 12.0
Fighting       | 4 5 |  5.5
Long Blades    | 4 5 6 7 8 9 |  9.4
Invocations    | 2 4 6 7 |  7.4
Shields        | 3 4 |  4.0

Action                   |  1- 3 |  4- 6 |  7- 9 | 10-12 || total
-------------------------+-------+-------+-------+-------++-------
Melee: Falchion          |    66 |    35 |    86 |   208 ||   395
       Constrict         |    17 |    25 |    66 |    81 ||   189
       Tentacles         |    12 |    26 |    83 |   118 ||   239
       Long sword        |       |    49 |   201 |   155 ||   405
       Dagger            |       |       |       |     2 ||     2
Throw: Stone             |       |       |       |     1 ||     1
Invok: Animate Remains   |       |       |     6 |     8 ||    14
       Animate Dead      |       |       |       |    22 ||    22
       Recall Undead Sla |       |       |       |     9 ||     9
Evoke: Wand              |       |       |    10 |     9 ||    19
  Use: Scroll            |       |       |     8 |     5 ||    13
       Potion            |       |       |     5 |     5 ||    10
 Stab: Sleeping          |    13 |     6 |     9 |    14 ||    42
       Distracted        |       |     1 |     4 |     7 ||    12
  Eat: Chunk             |     3 |     6 |    10 |     6 ||    25
       Ration            |       |       |     4 |     7 ||    11
Armor: Skin              |     1 |     3 |     5 |     7 ||    16
Dodge: Dodged            |    32 |    58 |   234 |   327 ||   651
Block: Buckler           |       |       |       |   111 ||   111
       Rpst.: Falchion   |    10 |     4 |    23 |    36 ||    73
       Long sword        |       |    16 |    59 |    42 ||   117

Table legend:
 A = Spawn XP
 B = Non-spawn XP
 C = Spawn XP percentage of total XP
 D = Spawn monster count
 E = Non-spawn monster count
 F = Spawn count percentage of total count
 G = Total turns spent on level
                    A         B        C        D         E        F      G
               +---------+---------+-------+---------+---------+-------+---------
         Total |       0 |   13525 |   0.0 |       0 |     288 |   0.0 | 17260
               +---------+---------+-------+---------+---------+-------+---------
           D:1 |       0 |      43 |   0.0 |       0 |      25 |   0.0 |  1421
           D:2 |       0 |     210 |   0.0 |       0 |      19 |   0.0 |  1042
           D:3 |       0 |     230 |   0.0 |       0 |      30 |   0.0 |  1265
           D:4 |       0 |     231 |   0.0 |       0 |      15 |   0.0 |   992
           D:5 |       0 |     520 |   0.0 |       0 |      17 |   0.0 |  1570
           D:6 |       0 |     619 |   0.0 |       0 |      12 |   0.0 |  1516
           D:7 |       0 |    2236 |   0.0 |       0 |      24 |   0.0 |  2259
           D:8 |       0 |    1196 |   0.0 |       0 |      26 |   0.0 |  1638
           D:9 |       0 |    3528 |   0.0 |       0 |      41 |   0.0 |  2425
          D:10 |       0 |    4088 |   0.0 |       0 |      69 |   0.0 |  2785
        Lair:1 |       0 |     145 |   0.0 |       0 |       1 |   0.0 |    64
         Orc:1 |       0 |     313 |   0.0 |       0 |       8 |   0.0 |   212
         Orc:2 |       0 |     166 |   0.0 |       0 |       1 |   0.0 |    16
               +---------+---------+-------+---------+---------+-------+---------
